Map: Cerulean Fall LE

Players

Farik

  • Race: Protoss Protoss
  • League: Platinum
  • Spawn Location: 7:00

Yocto - Winner!

  • Race: Zerg Zerg
  • League: Gold
  • Spawn Location: 1:00

VOD

Have the link to the VOD?

Description

Time

  • Played on: Dec. 21, 2018, 8:42 a.m.
  • Length: 11:48
Show
View Real Time Build Order
Export as new Build Order

Farik Protoss 

Build Orders: Cannon Rush, Carriers 

Get SALT Encoding   

  1  0:00  Probe  
  13  0:07  Probe  
  14  0:22  Pylon  
  14  0:25  Probe  
  15  0:40  Probe  
  16  0:44  Forge  
  16  0:56  Probe  
  17  1:08  Probe  
  18  1:27  Photon Cannon  
  18  1:30  Photon Cannon  
  18  1:32  Pylon  
  18  1:37  Photon Cannon  
  18  1:41  Probe  
  18  1:45  Assimilator  
  19  1:58  Probe  
  20  2:10  Pylon  
  20  2:19  Nexus  
  20  2:33  Photon Cannon  
  20  2:39  Pylon  
  20  2:44  Probe  
  21  2:52  Gateway  
  21  2:55  Assimilator  
  21  2:56  Probe  
  22  3:09  Probe  
  23  3:22  Probe  
  24  3:27  Photon Cannon  
  24  3:28  Probe  
  24  3:34  Probe  
  26  3:36  Probe  
  27  3:45  Cybernetics Core  
  27  3:46  Probe x2  
  29  3:50  Pylon  
  29  4:11  Probe  
  29  4:13  Probe  
  29  4:16  Assimilator  
  31  4:21  Photon Cannon  
  31  4:23  Probe  
  32  4:25  Probe  
  32  4:29  Shield Battery  
  33  4:33  Stargate  
  33  4:46  Protoss Air Weapons Level 1  
  33  4:48  Protoss Shields Level 1  
  33  4:54  Stargate  
  33  5:00  Pylon  
  33  5:03  Probe  
  33  5:05  Probe  
  35  5:09  Void Ray  
  35  5:11  Assimilator  
  35  5:15  Probe  
  35  5:16  Shield Battery  
  35  5:17  Probe  
  41  5:27  Probe  
  42  5:29  Probe  
  43  5:37  Fleet Beacon  
  43  5:47  Probe x2  
  45  5:56  Void Ray  
  49  5:59  Probe x2  
  51  6:11  Photon Cannon  
  51  6:13  Carrier  
  51  6:24  Robotics Facility  
  57  6:41  Probe, Carrier  
  64  7:05  Anion Pulse-Crystals  
  64  7:13  Warp Prism  
  64  7:15  Probe  
  67  7:17  Probe  
  68  7:33  Carrier  
  74  7:37  Pylon  
  74  7:48  Pylon  
  74  8:04  Nexus  
  74  8:10  Pylon  
  74  8:12  Carrier  
  74  8:13  Pylon  
  74  8:15  Pylon  
  80  8:37  Photon Cannon  
  80  8:39  Photon Cannon  
  80  8:42  Photon Cannon  
  80  8:46  Photon Cannon  
  80  8:50  Photon Cannon  
  80  8:52  Shield Battery  
  80  8:55  Shield Battery  
  80  8:58  Assimilator  
  80  9:01  Assimilator  
  80  9:07  Carrier  
  86  9:14  Protoss Air Weapons Level 2  
  86  9:15  Twilight Council  
  86  9:40  Probe  
  87  9:51  Probe  
  88  9:55  Carrier  
  88  9:58  Photon Cannon  
  88  9:59  Probe, Photon Cannon  
  88  10:01  Carrier, Photon Cannon  
  88  10:03  Photon Cannon  
  88  10:05  Photon Cannon  
  88  10:06  Photon Cannon  
  95  10:07  Probe  
  102  10:18  Probe  
  103  10:30  Probe  
  103  10:31  Pylon  
  103  10:35  Pylon  
  104  10:46  Nexus  
  104  10:49  Pylon  
  104  10:51  Pylon  
  104  10:54  Pylon  
  104  10:58  Pylon  
Show
View Real Time Build Order
Export as new Build Order

Yocto Zerg - Winner!

Build Orders: Hatch First 

Get SALT Encoding   

  12  0:01  Drone  
  13  0:17  Overlord  
  13  0:21  Drone  
  14  0:37  Drone x2  
  14  0:40  Drone  
  17  0:58  Hatchery  
  16  1:06  Drone x2  
  16  1:09  Extractor  
  17  1:35  Spawning Pool, Drone x2  
  17  1:37  Drone  
  19  2:03  Hatchery  
  19  2:07  Drone x2  
  20  2:24  Queen  
  20  2:27  Zergling x4  
  24  2:33  Queen  
  26  2:49  Overlord  
  26  2:53  Drone x2  
  26  2:55  Metabolic Boost  
  28  3:08  Drone  
  28  3:09  Drone x4  
  33  3:16  Queen  
  35  3:24  Queen  
  37  3:28  Overlord  
  37  3:37  Drone x3  
  37  3:38  Drone  
  41  3:42  Spore Crawler  
  40  3:50  Drone x4  
  44  3:58  Lair  
  44  4:05  Queen  
  44  4:07  Drone  
  47  4:14  Overlord x2  
  47  4:17  Extractor, Drone  
  47  4:18  Extractor, Drone  
  47  4:26  Evolution Chamber  
  47  4:31  Overlord  
  46  4:32  Evolution Chamber  
  46  4:34  Drone x3  
  48  4:44  Drone x3  
  51  4:49  Drone  
  51  4:50  Drone x2  
  54  4:55  Extractor, Drone x3  
  54  4:58  Drone  
  57  5:00  Spore Crawler  
  57  5:03  Hydralisk Den  
  57  5:06  Zerg Missile Weapons Level 1  
  55  5:08  Zerg Ground Armor Level 1  
  55  5:14  Overlord  
  55  5:17  Drone x3  
  58  5:22  Drone x3  
  58  5:25  Drone  
  58  5:27  Drone  
  63  5:43  Drone x5  
  63  5:44  Drone x5  
  73  5:50  Extractor  
  73  5:53  Extractor  
  73  5:54  Muscular Augments  
  71  6:01  Infestation Pit  
  71  6:02  Drone x2  
  71  6:03  Overlord x2, Drone x2  
  74  6:13  Spire  
  74  6:14  Drone  
  74  6:19  Overlord x2  
  74  6:24  Spore Crawler  
  73  6:28  Drone x2  
  73  6:29  Drone  
  76  6:44  Hatchery  
  76  6:45  Drone  
  76  6:46  Drone  
  77  6:48  Hive  
  77  6:49  Overlord x4  
  77  6:52  Hydralisk x3  
  83  7:00  Zerg Missile Weapons Level 2  
  83  7:02  Zerg Ground Armor Level 2  
  83  7:05  Hydralisk x2  
  87  7:13  Pathogen Glands  
  87  7:44  Hydralisk x5  
  87  7:45  Hydralisk x8  
  87  7:46  Hydralisk x2  
  117  7:54  Grooved Spines  
  117  7:56  Drone  
  117  7:57  Drone x5  
  123  8:13  Hydralisk x3  
  123  8:14  Hydralisk x3  
  123  8:16  Overlord x4  
  123  8:17  Overlord  
  135  8:23  Neural Parasite  
  135  8:32  Overlord x4  
  135  8:37  Extractor  
  135  8:39  Extractor  
  135  8:40  Drone  
  135  8:41  Drone x2  
  136  8:43  Drone x3  
  139  8:55  Infestor x2  
  141  8:56  Infestor  
  141  9:00  Infestor  
  147  9:07  Burrow  
  147  9:12  Corruptor  
  149  9:20  Corruptor x2  
  153  9:26  Zergling x14  
  153  9:27  Zergling x12  
  166  9:57  Hydralisk x5  
  166  9:58  Hydralisk x7  
  190  10:32  Hydralisk x3  
  190  10:33  Hydralisk x2  
  200  10:38  Extractor  
  200  10:39  Hatchery  
  200  10:41  Baneling Nest  
  197  10:42  Extractor  
Tags
 
Composition
Carriers
Matchup
PvZ
Replay Pack
Yocto
Spawn Locations
Cross Positions
Add a new tag
Caveats
  • Supply blocks, unpowered buildings, or Contaminate may cause inaccurate times.
  • Supply counts are checked every 10 seconds.